MID
GREENVILLE DRIVE @ BOWLING GREEN HOT RODS
08/16/2049
 
TOP OF THE 1ST
Greenville Drive batting - Pitching for Bowling Green Hot Rods : RHP Mike Oliver
Pitching: RHP Mike Oliver
Batting: RHB Aukukero Tairi 0-0: Called Strike
0-1: Ball
1-1: Ground out 6-3 (Groundball, 6S, EV 76.9 MPH)
Batting: LHB Kien-lung Zou 0-0: Ball
1-0: Ball
2-0: Swinging Strike
2-1: Ball
3-1: Fly out, F9 (Flyball, 89S, EV 71.9 MPH)
Batting: SHB Robert Soto 0-0: Ball
1-0: Swinging Strike
1-1: Swinging Strike
1-2: Foul Ball, location: 2F
1-2: Ball
2-2: Ball
3-2: Ground out 6-3 (Groundball, 4M, EV 103.8 MPH)
Top of the 1st over - 0 runs, 0 hits, 0 errors, 0 left on base; Greenville 0 - Bowling Green 0
BOTTOM OF THE 1ST
Bowling Green Hot Rods batting - Pitching for Greenville Drive : RHP Lukasha Sheigus
Pitching: RHP Lukasha Sheigus
Batting: SHB Luis Verduzco 0-0: Ball
1-0: Called Strike
1-1: Foul Ball, location: 2F
1-2: Ball
2-2: Ground out 6-3 (Groundball, P, EV 90.0 MPH)
Batting: LHB Sean Banks 0-0: Ball
1-0: SINGLE (Groundball, 6D, EV 98.8 MPH)
Batting: LHB Rocky Crowley 0-0: Ball
1-0: Foul Ball, location: 2F
1-1: Ball
2-1: Ball
3-1: Base on Balls
Sean Banks to second
Batting: RHB Tim Dower 0-0: Ball
1-0: Swinging Strike
1-1: Called Strike
1-2: Foul Ball, location: 2F
1-2: Ball
2-2: Foul Ball, location: 2F
2-2: Foul Ball, location: 2F
2-2: Strikes out swinging
Batting: RHB Eric Waugaman 0-0: Foul Ball, location: 2F
0-1: Foul Ball, location: 2F
0-2: Foul Ball, location: 2F
0-2: Fly out, F9 (Flyball, 89S, EV 83.1 MPH)
Bottom of the 1st over - 0 runs, 1 hit, 0 errors, 2 left on base; Greenville 0 - Bowling Green 0
TOP OF THE 2ND
Greenville Drive batting - Pitching for Bowling Green Hot Rods : RHP Mike Oliver
Batting: SHB Salvador Padilla 0-0: Ball
1-0: Ball
2-0: Ball
3-0: Base on Balls
Batting: RHB Alex Cardenas 0-0: Called Strike
0-1: Ball
1-1: Ball
2-1: Called Strike
2-2: Ball
3-2: Foul Ball, location: 2F
3-2: SINGLE (Line Drive, 5D, EV 105.0 MPH)
Salvador Padilla to second
Salvador Padilla to third
Batting: SHB Matsudaira Ikeda 0-0: Ball
1-0: Foul Ball, location: 2F
1-1: SINGLE (Groundball, 34D, EV 109.4 MPH)
Salvador Padilla scores
Alex Cardenas to second
Runner from 2nd tries for 3rd, SAFE, throw by RF made to third
Batting: RHB Mario Arriero 0-0: Called Strike
0-1: Called Strike
0-2: Grounds into double play, 4-6-3 (Groundball, 34S, EV 76.9 MPH)
Alex Cardenas scores
Batting: LHB Robert Gonzalez 0-0: Called Strike
0-1: SINGLE (Groundball, 56, EV 94.4 MPH)
Batting: RHB Matt Parker 0-0: Called Strike
0-1: Ball
1-1: Ball
2-1: Called Strike
Robert Gonzalez steals 2nd base (no throw)
2-2: Ball
3-2: Foul Ball, location: 2F
3-2: Foul Ball, location: 2F
3-2: SINGLE (Groundball, 6MS, EV 69.4 MPH) (infield hit)
Robert Gonzalez to third
Batting: RHB Aukukero Tairi 0-0: Called Strike
0-1: Ball
1-1: Ball
2-1: Swinging Strike
2-2: Strikes out swinging
Top of the 2nd over - 2 runs, 4 hits, 0 errors, 2 left on base; Greenville 2 - Bowling Green 0
BOTTOM OF THE 2ND
Bowling Green Hot Rods batting - Pitching for Greenville Drive : RHP Lukasha Sheigus
Batting: RHB Dave Valdez 0-0: Foul Ball, location: 2F
0-1: Ball
1-1: Foul Ball, location: 2F
1-2: Strikes out looking
Batting: RHB Bazyli Andrysiak 0-0: Ball
1-0: Ground out 6-3 (Groundball, 6, EV 90.0 MPH)
Batting: LHB Eduardo Lopez 0-0: Foul Ball, location: 2F
0-1: Ball
1-1: SINGLE (Line Drive, 78S, EV 106.9 MPH)
Batting: RHB Bogumil Filipowski 0-0: Called Strike
0-1: Ball
1-1: Ball
2-1: Ball
3-1: Reached on error, E5 (Groundball, 56, EV 104.4 MPH)
Eduardo Lopez to second
Batting: SHB Luis Verduzco 0-0: Ball
1-0: Foul Ball, location: 2F
1-1: Foul Ball, location: 2F
1-2: Ball
2-2: Ground out U3 (Groundball, 34S, EV 90.6 MPH)
Bottom of the 2nd over - 0 runs, 1 hit, 1 error, 2 left on base; Greenville 2 - Bowling Green 0
TOP OF THE 3RD
Greenville Drive batting - Pitching for Bowling Green Hot Rods : RHP Mike Oliver
Batting: LHB Kien-lung Zou 0-0: Called Strike
0-1: Called Strike
0-2: Ball
1-2: Strikes out swinging
Batting: SHB Robert Soto 0-0: Swinging Strike
0-1: Foul Ball, location: 2F
0-2: Ball
1-2: Fly out, F2 (Popup, 23F, EV 83.8 MPH)
Batting: SHB Salvador Padilla 0-0: Ball
1-0: Ball
2-0: Ball
3-0: Called Strike
3-1: Ground out 6-3 (Groundball, 6, EV 90.0 MPH)
Top of the 3rd over - 0 runs, 0 hits, 0 errors, 0 left on base; Greenville 2 - Bowling Green 0
BOTTOM OF THE 3RD
Bowling Green Hot Rods batting - Pitching for Greenville Drive : RHP Lukasha Sheigus
Batting: LHB Sean Banks 0-0: Ball
1-0: Ground out 4-3 (Groundball, 34D, EV 78.8 MPH)
Batting: LHB Rocky Crowley 0-0: Foul Ball, location: 2F
0-1: Ball
1-1: Foul Ball, location: 2F
1-2: Ball
2-2: SINGLE (Line Drive, 7S, EV 99.4 MPH)
Batting: RHB Tim Dower 0-0: Ball
1-0: Called Strike
1-1: Ball
Pickoff Throw by Catcher to First - Out!
2-1: Ball
3-1: Base on Balls
Batting: RHB Eric Waugaman 0-0: Called Strike
0-1: SINGLE (Groundball, 56S, EV 93.8 MPH)
Tim Dower to second
Batting: RHB Dave Valdez 0-0: Foul Ball, location: 2F
0-1: Called Strike
0-2: Ball
1-2: Strikes out looking
Bottom of the 3rd over - 0 runs, 2 hits, 0 errors, 2 left on base; Greenville 2 - Bowling Green 0
TOP OF THE 4TH
Greenville Drive batting - Pitching for Bowling Green Hot Rods : RHP Mike Oliver
Batting: RHB Alex Cardenas 0-0: Ball
1-0: Fly out, F9 (Flyball, 9LS, EV 91.2 MPH)
Batting: SHB Matsudaira Ikeda 0-0: Ball
1-0: Called Strike
1-1: Foul Ball, location: 2F
1-2: Strikes out swinging
Batting: RHB Mario Arriero 0-0: Foul Ball, location: 2F
0-1: Foul Ball, location: 2F
0-2: Ball
1-2: Foul Ball, location: 2F
1-2: Ball
2-2: Ground out 4-3 (Groundball, 4S, EV 66.9 MPH)
Top of the 4th over - 0 runs, 0 hits, 0 errors, 0 left on base; Greenville 2 - Bowling Green 0
BOTTOM OF THE 4TH
Bowling Green Hot Rods batting - Pitching for Greenville Drive : RHP Lukasha Sheigus
Batting: RHB Bazyli Andrysiak 0-0: Foul Ball, location: 2F
0-1: Ground out 6-3 (Groundball, 6M, EV 108.1 MPH)
Batting: LHB Eduardo Lopez 0-0: Swinging Strike
0-1: Ball
1-1: Ball
2-1: Foul Ball, location: 2F
2-2: Fly out, F7 (Flyball, 7, EV 91.2 MPH)
Batting: RHB Bogumil Filipowski 0-0: Swinging Strike
0-1: Ball
1-1: Foul Ball, location: 2F
1-2: Strikes out swinging
Bottom of the 4th over - 0 runs, 0 hits, 0 errors, 0 left on base; Greenville 2 - Bowling Green 0
TOP OF THE 5TH
Greenville Drive batting - Pitching for Bowling Green Hot Rods : RHP Mike Oliver
Batting: LHB Robert Gonzalez 0-0: Called Strike
0-1: Foul Ball, location: 2F
0-2: Ball
1-2: Foul Ball, location: 2F
1-2: Ball
2-2: Foul Ball, location: 2F
2-2: Strikes out swinging
Batting: RHB Matt Parker 0-0: Swinging Strike
0-1: Ground out 3-1 (Groundball, 34S, EV 79.4 MPH)
Batting: RHB Aukukero Tairi 0-0: Ball
1-0: Ball
2-0: Called Strike
2-1: Swinging Strike
2-2: Foul Ball, location: 2F
2-2: Strikes out swinging
Top of the 5th over - 0 runs, 0 hits, 0 errors, 0 left on base; Greenville 2 - Bowling Green 0
BOTTOM OF THE 5TH
Bowling Green Hot Rods batting - Pitching for Greenville Drive : RHP Lukasha Sheigus
Batting: SHB Luis Verduzco 0-0: Called Strike
0-1: Swinging Strike
0-2: Foul Ball, location: 2F
0-2: Ball
1-2: Foul Ball, location: 2F
1-2: Ball
2-2: Strikes out swinging
Batting: LHB Sean Banks 0-0: Ball
1-0: Called Strike
1-1: Ball
2-1: Ball
3-1: Ground out 4-3 (Groundball, 4, EV 101.9 MPH)
Batting: LHB Rocky Crowley 0-0: Called Strike
0-1: Ball
1-1: Ball
2-1: Swinging Strike
2-2: Ground out U3 (Groundball, 3, EV 103.1 MPH)
Bottom of the 5th over - 0 runs, 0 hits, 0 errors, 0 left on base; Greenville 2 - Bowling Green 0
TOP OF THE 6TH
Greenville Drive batting - Pitching for Bowling Green Hot Rods : RHP Mike Oliver
Pitching: RHP Josh O'Neal
Batting: LHB Kien-lung Zou 0-0: Ball
1-0: Ball
2-0: Foul Ball, location: 2F
2-1: Swinging Strike
2-2: Strikes out swinging
Batting: SHB Robert Soto 0-0: Ball
1-0: Foul Ball, location: 2F
1-1: Ground out 5-3 (Groundball, 56, EV 88.8 MPH)
Batting: SHB Salvador Padilla 0-0: Called Strike
0-1: Ball
1-1: Swinging Strike
1-2: Ground out U3 (Groundball, 34S, EV 82.5 MPH)
Top of the 6th over - 0 runs, 0 hits, 0 errors, 0 left on base; Greenville 2 - Bowling Green 0
BOTTOM OF THE 6TH
Bowling Green Hot Rods batting - Pitching for Greenville Drive : RHP Lukasha Sheigus
Batting: RHB Tim Dower 0-0: Ball
1-0: Ball
2-0: Foul Ball, location: 2F
2-1: Swinging Strike
2-2: Hit by Pitch
Pitching: RHP Tyler Tomblin
Batting: RHB Eric Waugaman 0-0: Ball
1-0: Swinging Strike
1-1: Foul Ball, location: 2F
1-2: Ball
2-2: Ball
3-2: Foul Ball, location: 2F
3-2: Foul Ball, location: 2F
3-2: DOUBLE (Groundball, 5L, EV 104.4 MPH)
Tim Dower to third
Batting: RHB Dave Valdez 0-0: Ball
1-0: Swinging Strike
1-1: Foul Ball, location: 2F
1-2: Ground out U3 (Groundball, 34S, EV 76.2 MPH)
Tim Dower scores
Eric Waugaman to third
Batting: RHB Bazyli Andrysiak 0-0: SINGLE (Groundball, 56, EV 98.8 MPH)
Eric Waugaman scores
Batting: LHB Eduardo Lopez 0-0: Called Strike
0-1: Fielders Choice at 2nd, 6-4 (Groundball, 6MD, EV 103.8 MPH)
Batting: RHB Bogumil Filipowski 0-0: Swinging Strike
0-1: Swinging Strike
0-2: Ball
1-2: Strikes out looking
Bottom of the 6th over - 2 runs, 2 hits, 0 errors, 1 left on base; Greenville 2 - Bowling Green 2
TOP OF THE 7TH
Greenville Drive batting - Pitching for Bowling Green Hot Rods : RHP Josh O'Neal
Pitching: LHP Tim Pulliam
Batting: RHB Alex Cardenas 0-0: Called Strike
0-1: Fly out, F8 (Flyball, 8LXD, EV 104.4 MPH)
Batting: SHB Matsudaira Ikeda 0-0: Ground out 4-3 (Groundball, 34, EV 86.9 MPH)
Batting: RHB Mario Arriero 0-0: Called Strike
0-1: Foul Ball, location: 2F
0-2: Strikes out swinging
Top of the 7th over - 0 runs, 0 hits, 0 errors, 0 left on base; Greenville 2 - Bowling Green 2
BOTTOM OF THE 7TH
Bowling Green Hot Rods batting - Pitching for Greenville Drive : RHP Tyler Tomblin
Pitching: RHP Paul Carter
Batting: SHB Luis Verduzco 0-0: Called Strike
0-1: Called Strike
0-2: Strikes out swinging
Batting: LHB Sean Banks 0-0: Ball
1-0: Ball
2-0: Called Strike
2-1: Foul Ball, location: 2F
2-2: Strikes out looking
Batting: LHB Rocky Crowley 0-0: Ball
1-0: Foul Ball, location: 2F
1-1: Ball
2-1: Foul Ball, location: 2F
2-2: Foul Ball, location: 2F
2-2: SOLO HOME RUN (Flyball, 7D, EV 96.2 MPH), Distance : 391 ft
Batting: RHB Tim Dower 0-0: Foul Ball, location: 2F
0-1: Ball
1-1: Called Strike
1-2: SINGLE (Groundball, 34D, EV 94.4 MPH)
Batting: RHB Eric Waugaman 0-0: Called Strike
0-1: Foul Ball, location: 2F
0-2: Fly out, F8 (Flyball, 8LD, EV 98.1 MPH)
Bottom of the 7th over - 1 run, 2 hits, 0 errors, 1 left on base; Greenville 2 - Bowling Green 3
TOP OF THE 8TH
Greenville Drive batting - Pitching for Bowling Green Hot Rods : LHP Tim Pulliam
Now in CF: Angel Ruvalcaba
Now in RF: Eduardo Lopez
Pinch Hitting: RHB Guillermo Quintero 0-0: Ball
1-0: Ball
2-0: Foul Ball, location: 2F
2-1: Ball
3-1: Swinging Strike
3-2: Fly out, F9 (Flyball, 89M, EV 82.5 MPH)
Batting: RHB Matt Parker 0-0: Ball
1-0: Called Strike
1-1: Called Strike
1-2: Foul Ball, location: 2F
1-2: Fly out, F8 (Flyball, 8RD, EV 106.9 MPH)
Batting: RHB Aukukero Tairi 0-0: Ball
1-0: Ball
2-0: Ground out 5-3 (Groundball, 5, EV 101.2 MPH)
Top of the 8th over - 0 runs, 0 hits, 0 errors, 0 left on base; Greenville 2 - Bowling Green 3
BOTTOM OF THE 8TH
Bowling Green Hot Rods batting - Pitching for Greenville Drive : RHP Paul Carter
Pitching: RHP Ross Ratcliffe
Now at 1B: Guillermo Quintero
Now at 3B: Alex Cardenas
Now in RF: Kien-lung Zou
Batting: RHB Dave Valdez 0-0: Ball
1-0: Ball
2-0: Called Strike
2-1: Foul Ball, location: 2F
2-2: Ball
3-2: Strikes out swinging
Batting: RHB Bazyli Andrysiak 0-0: Ground out 4-3 (Groundball, 4, EV 97.5 MPH)
Batting: LHB Eduardo Lopez 0-0: Ground out 6-3 (Groundball, 4M, EV 83.1 MPH)
Bottom of the 8th over - 0 runs, 0 hits, 0 errors, 0 left on base; Greenville 2 - Bowling Green 3
TOP OF THE 9TH
Greenville Drive batting - Pitching for Bowling Green Hot Rods : LHP Tim Pulliam
Pitching: RHP J.P. Tesauro
Now at 2B: Jesus Carrillo
Batting: LHB Kien-lung Zou 0-0: Called Strike
0-1: Ball
1-1: Foul Ball, location: 2F
1-2: Foul Ball, location: 2F
1-2: Strikes out swinging
Batting: SHB Robert Soto 0-0: Called Strike
0-1: Swinging Strike
0-2: Ball
1-2: Strikes out swinging
Batting: SHB Salvador Padilla 0-0: Ball
1-0: Called Strike
1-1: Foul Ball, location: 2F
1-2: Ball
2-2: Ball
3-2: Foul Ball, location: 2F
3-2: Fly out, F8 (Flyball, 8RD, EV 90.6 MPH)
Top of the 9th over - 0 runs, 0 hits, 0 errors, 0 left on base; Greenville 2 - Bowling Green 3
Sunday, July 16th , 2023 - OOTP Baseball 24.6 Build 69